 Dungeon Crawl Stone Soup version 0.30.0-30-g96aa6591b8 (webtiles) character file.

Game seed: 10159136444467576405

555 AgateBread the Shield-Bearer (level 7, -5/64 HPs)
             Began as an Armataur Fighter on June 28, 2023.
             Slain by a black bear (11 damage)
             ... on level 4 of the Dungeon.
             The game lasted 00:15:30 (3395 turns).

AgateBread the Shield-Bearer (Armataur Fighter)     Turns: 3395, Time: 00:15:30

Health: -5/64      AC:  7    Str: 21    XL:     7   Next: 8%
Magic:  7/7        EV:  7    Int:  8    God:
Gold:   125        SH:  5    Dex: 12    Spells: 6/6 levels left

rFire   + . .        a - +0 long sword
rCold   . . .        c - +0 buckler
rNeg    . . .        b - +0 scale mail
rPois   .            (no helmet)
rElec   .            (no cloak)
rCorr   .            (no gloves)
SInv    .            (no barding)
Will    .....        (no amulet) Stlth
                     o - ring of protection from fire
HPRegen 0.30/turn    (no ring)
MPRegen 0.10/turn

%: roll
@: no status effects
A: large, rugged brown scales 3, deformed body, armoured tail, roll, long
tongue, awkward tongue
a: no special abilities


You were on level 4 of the Dungeon.
You visited 1 branch of the dungeon, and saw 4 of its levels.

You collected 153 gold pieces.
You spent 28 gold pieces at shops.

Inventory:

Hand Weapons
 a - a +0 long sword (weapon)
Missiles
 e - 4 javelins (quivered)
Armour
 b - a +0 scale mail (worn)
 c - a +0 buckler (worn)
 k - a +0 ring mail
 v - a +0 chain mail
Jewellery
 o - a ring of protection from fire (left hand)
Wands
 l - a wand of roots (3)
Scrolls
 f - a scroll of blinking {unknown}
 g - a scroll of poison {unknown}
 h - 3 scrolls of teleportation {unknown}
 m - a scroll of enchant armour {unknown}
 p - a scroll of summoning {unknown}
 q - a scroll of amnesia {unknown}
 t - a scroll of fear {unknown}
 w - a scroll of identify
Potions
 d - a potion of might
 i - 2 potions of invisibility
 j - 2 potions of heal wounds
 n - 2 potions of lignification
 s - a potion of curing
 u - a potion of brilliance {unknown}


   Skills:
 + Level 4.7 Fighting
 + Level 4.2 Long Blades
 - Level 4.0 Armour
 + Level 5.6 Shields


You had 6 spell levels left.
You didn't know any spells.
Your spell library contained the following spells:

 Spells                   Type           Power      Damage    Failure   Level
 Summon Small Mammal      Summ           0%         N/A       80%         1
 Call Canine Familiar     Summ           0%         N/A       99%         3
 Dazzling Flash           Conj/Hex       0%         N/A       99%         3
 Summon Guardian Golem    Hex/Summ       0%         N/A       99%         3
 Volatile Blastmotes      Fire/Tloc      0%         2d10      99%         3
 Iskenderun's Mystic Bla  Conj/Tloc      0%         2d3       100%        4
 Starburst                Conj/Fire      0%         6d3       100%        6


Dungeon Overview and Level Annotations

Branches:
Dungeon (4/15)
 Temple: D:4-7

Altars:
Ashenzari

Shops:
D:1 ?


Innate Abilities, Weirdness & Mutations

You are completely covered in rugged brown scales. (AC +3, +7% HP)
Armour fits poorly on your strangely shaped body.
You have a long armoured tail.
You roll when moving toward enemies. (Rampage)
Your long tongue fully drains potion bottles. (2x potion effects)
Your tongue gives you trouble enunciating. (1.5x scroll delay)


Message History

The black bear bites you. The black bear claws you. x2
You hit the black bear.
The black bear is heavily wounded.
The black bear bites you.
The black bear claws you but does no damage.
The black bear barely misses you.
You hit the black bear.
Your tail-slap misses the black bear.
The black bear is severely wounded.
The black bear bites you but does no damage.
You block the black bear's attack. The black bear barely misses you.
The black bear goes berserk!
You closely miss the black bear.
The black bear is severely wounded.
The black bear bites you!
The black bear claws you but does no damage.
The black bear barely misses you.
You hit the black bear.
The black bear is almost dead.
The black bear bites you! The black bear barely misses you.
The black bear claws you.
* * * LOW HITPOINT WARNING * * *
The black bear bites you.
* * * LOW HITPOINT WARNING * * *
The black bear claws you.
* * * LOW HITPOINT WARNING * * *
The black bear claws you but does no damage.
Throw: 5 javelins
Press: ? - help, Q - select action, (/) - cycle Shift-Dir - straight line, f - black bear
Aim: a black bear (almost dead, berserk, covered in acid, 67% to hit)
You throw a javelin.
The javelin closely misses the black bear.
The javelin pierces through the sleepcap.
The sleepcap is severely damaged.
The black bear bites you.
* * * LOW HITPOINT WARNING * * *
The black bear claws you but does no damage. x2
The black bear completely misses you.
The black bear claws you but does no damage. x2
The black bear bites you!
You die...

##. ## ..[ .. #.# .##
#.# .. #.# #. #.#
#.#########.###.##
#.(..).fh@<......#
...........#####†#.....#
...>.#...#.# #........#
.... #.###.# #.........
##. #. #.# ##......)# ..
.. #.# #.....## # ###
#.# #....# #.# ###.#


You could see a black bear (berserk, corroded) and a sleepcap (corroded).

Vanquished Creatures
  Sigmund (D:3)
  The ghost of Fractals the Ogre Mage, a weakling OgHW (D:3)
  A centaur skeleton (D:3)
  Ijyb (D:3)
  An iguana (D:4)
  A scorpion zombie (D:3)
  An orc wizard (D:3)
  2 hound skeletons (D:3)
  Robin (D:3)
  6 gnolls (D:3)
  3 adders (D:3)
  An adder zombie (D:3)
  A worm (D:2)
  2 dart slugs
  6 orcs
  4 bats
  6 endoplasms
  2 giant cockroaches
  19 goblins
  4 hobgoblins (D:3)
  3 jackals (D:2)
  A quokka (D:3)
  6 ball pythons
  2 ball python zombies (D:3)
  3 frilled lizards
  4 kobolds
  A quokka zombie (D:3)
  6 rats
90 creatures vanquished.

Notes
Turn   | Place    | Note
-------+----------+-------------------------------------------
     0 | D:1      | AgateBread the Armataur Fighter began the quest for the
                  | Orb.
     0 | D:1      | Reached XP level 1. HP: 19/19 MP: 1/1
   153 | D:1      | Found Vuterell's Magic Scroll Boutique.
   157 | D:1      | Bought a scroll of identify for 28 gold pieces
   600 | D:1      | Reached XP level 2. HP: 23/26 MP: 2/2
   946 | D:2      | Found a broken altar of Ashenzari.
  1115 | D:2      | Found a faded altar of an unknown god.
  1163 | D:2      | Reached XP level 3. HP: 33/33 MP: 3/3
  1680 | D:3      | Noticed Sigmund
  1688 | D:3      | Killed Sigmund
  1689 | D:3      | Reached skill level 4 in Shields
  1689 | D:3      | Reached XP level 4. HP: 27/42 MP: 4/4
  1689 | D:3      | Reached XP level 5. HP: 32/49 MP: 5/5
  1724 | D:3      | Noticed Robin
  1733 | D:3      | Killed Robin
  1772 | D:3      | Noticed Ijyb
  1789 | D:3      | Killed Ijyb
  1818 | D:3      | Reached XP level 6. HP: 15/55 MP: 6/6
  1836 | D:3      | Reached skill level 5 in Shields
  2311 | D:3      | Found a runed translucent door.
  2311 | D:3      | Noticed Fractals's ghost (weakling OgHW)
  2340 | D:3      | Killed Fractals's ghost
  3030 | D:3      | Reached XP level 7. HP: 64/64 MP: 7/7
  3395 | D:4      | Slain by a black bear

Illustrated notes

Levels and vault maps discovered:
D:1:      heliophobic_arrival_battle_scene, layout_loops_ring, serial_shops,
          nicolae_shop_rolled_up
D:2:      layout_basic, hellmonk_ecumenical_altar_arch_garden, basic_altar
D:3:      kennysheep_the_goblin_king, layout_basic,
          hellmonk_ghost_happy_afterlife, serial_undead, serial_undead_b,
          serial_undead_d, serial_undead_e, serial_undead_c, serial_undead_b,
          serial_undead_d, serial_undead_d, uniq_sigmund, uniq_robin
D:4:      layout_loops_ring, st_stairs_3, corner_web_ring

Skill      XL: |  1  2  3  4  5  6 |
---------------+-------------------+-----
Long Blades    | 2 3 4 |  4.2
Fighting       | 3 4 |  4.7
Armour         | 4 |  4.0
Shields        | 4 5 |  5.6

Action                     |  1- 3 |  4- 6 |  7- 9 || total
---------------------------+-------+-------+-------++-------
  Melee: Long sword        |    84 |   196 |    25 ||   305
         Tailslap          |    11 |    24 |     3 ||    38
  Throw: Javelin           |       |     3 |     1 ||     4
  Evoke: Wand              |     1 |     6 |     1 ||     8
    Use: Scroll            |     2 |     1 |       ||     3
         Potion            |     2 |     1 |       ||     3
 Armour: Scale mail        |    45 |   108 |    24 ||   177
         Skin              |       |    44 |       ||    44
  Dodge: Dodged            |    35 |    68 |    20 ||   123
  Block: Buckler           |    11 |    65 |     6 ||    82
